 Dungeon Crawl Stone Soup version 0.20.0-1-g1cb1d84 (webtiles) character file.

9993 shmeve the Fighter (level 11, -5/105 HPs)
             Began as a Minotaur Berserker on May 26, 2017.
             Was a High Priest of Trog.
             Slain by a cyclops (25 damage)
             ... on level 11 of the Dungeon.
             The game lasted 00:16:13 (9219 turns).

shmeve the Fighter (Minotaur Berserker)             Turns: 9219, Time: 00:16:13

Health: -5/105     AC: 16    Str: 26    XL:     11   Next: 30%
Magic:  3/3        EV: 13    Int:  4    God:    Trog [*****.]
Gold:   537        SH:  0    Dex:  9    Spells: 10/10 levels left

rFire    . . .     SeeInvis .   I - +1 executioner's axe (antimagic)
rCold    . . .     Gourm    .   (shield currently unavailable)
rNeg     . . .     Faith    .   B - +0 plate armour
rPois    .         Spirit   .   (helmet restricted)
rElec    .         Reflect  .   (no cloak)
rCorr    .         Harm     .   u - +0 pair of gloves
MR       +....                  D - +0 pair of boots {Stlth+}
Stlth    ..........             (no amulet)
Regen    0.3/turn               z - +3 ring of evasion
MPRegen  0.1/turn               J - ring of protection from magic

@: drained
A: retaliatory headbutt, horns 2
a: Berserk, Trog's Hand, Brothers in Arms, Burn Spellbooks, Renounce Religion


You were on level 11 of the Dungeon.
You worshipped Trog.
Trog was extremely pleased with you.
You were near starving.

You visited 1 branch of the dungeon, and saw 11 of its levels.

You collected 537 gold pieces.

Inventory:

Hand Weapons
 a - a +0 hand axe
 I - a +1 antimagic executioner's axe (weapon)
Armour
 u - a +0 pair of gloves (worn)
 B - a +0 plate armour (worn)
 D - a +0 pair of boots of stealth (worn)
Jewellery
 z - a +3 ring of evasion (left hand)
 J - a ring of protection from magic (right hand)
Wands
 m - a wand of digging (12/24)
 H - a wand of digging (7/24)
Scrolls
 d - 4 scrolls of amnesia {unknown}
 e - 2 scrolls of fog {unknown}
 g - 3 scrolls of magic mapping {unknown}
 i - 14 scrolls of identify {unknown}
 j - a scroll of blinking {unknown}
 l - a scroll of fear {unknown}
 o - 2 scrolls of torment {unknown}
 p - 2 scrolls of remove curse {unknown}
 v - a scroll of recharging {unknown}
 x - 3 scrolls of teleportation {unknown}
 y - 2 scrolls of random uselessness {unknown}
 A - 4 scrolls of immolation {unknown}
 C - 3 scrolls of enchant armour {unknown}
Potions
 b - 3 potions of ambrosia {unknown}
 f - a potion of invisibility {unknown}
 k - 4 potions of brilliance {unknown}
 n - a potion of degeneration {unknown}
 r - 5 potions of curing {unknown}
 s - a potion of flight {unknown}
 t - 2 potions of mutation {unknown}
 w - 2 potions of heal wounds {unknown}
 E - 2 potions of lignification {unknown}
 F - a potion of agility {unknown}
 G - a potion of resistance {unknown}
 L - a potion of haste {unknown}
Comestibles
 c - 3 bread rations
 h - 8 meat rations
 q - 9 fruits


   Skills:
 * Level 12.7(12.5) Fighting
 * Level 12.5(12.4) Axes
 + Level 8.9(8.8) Armour
 + Level 8.1(8.0) Dodging


You had 10 spell levels left.
You didn't know any spells.

Dungeon Overview and Level Annotations

Branches:
Dungeon (11/15)            Temple (0/1) D:7            Lair (0/6) D:10
    Orc: D:9-12

Altars:
Ashenzari
Cheibriados
Dithmenos
Elyvilon
Fedhas
Kikubaaqudgha
Makhleb
Okawaru
Ru
Sif Muna
Trog
Xom
The Shining One

Shops:
D:8 *

Portals:
Trove: D:10 (give +6 demon whip)


Innate Abilities, Weirdness & Mutations

You reflexively headbutt those who attack you in melee.
You have a pair of horns on your head.


Message History

Found a stone staircase leading down.
A cyclops comes into view.
The cyclops throws a large rock.
The large rock hits you!
Found a stone staircase leading down.
There is an open door, spattered with blood here.
You see here a large rock.
The cyclops throws a large rock.
The large rock hits you!!
You see here a large rock.
The cyclops hits you!!
* * * LOW HITPOINT WARNING * * *
Found 21 arrows.
You completely miss the cyclops.
The cyclops hits you but does no damage.
You slash the cyclops!
The cyclops is lightly wounded.
The cyclops hits you but does no damage.
You slice the cyclops!! You headbutt the cyclops!
The cyclops is almost dead.
The cyclops hits you!!
You die...

....##.####...#....
######.......## ### #
#######.######.# #
#........# # ##(########
###### ##...## .....#
##....(## ##.#.#
#.......######(#
#....###.>......@.......
.......+.........C......
#....###.......>.####...
##.#.# ##........# .
###.# ##.....#.# .#
##...##.# .# ##+# #.#
#..


You could see a cyclops.

Vanquished Creatures
  2 two-headed ogres
  The ghost of dialectric the Basher, a novice TrCK of Xom (D:8)
  2 manticores (D:11)
  A troll (D:11)
  2 hippogriffs
  Grinder (D:5)
  Prince Ribbit (D:7)
  A hungry ghost (D:7)
  9 yaks
  A vampire mosquito (D:11)
  The ghost of xraymikek the Shield-Bearer, an amateur FoFi (D:3)
  Menkaure (D:5)
  2 orc warriors
  3 sky beasts
  3 ice beasts
  A necrophage (D:11)
  A black bear (D:6)
  5 ogres
  5 centaurs
  5 bullfrogs
  2 scorpions
  4 wights (D:9)
  18 killer bees
  4 howler monkeys
  3 crimson imps
  A bullfrog zombie (D:8)
  2 centaur zombies
  A gnoll shaman (D:8)
  A jelly (D:9)
  A bullfrog skeleton (D:6)
  9 hounds
  7 orc wizards
  Terence (D:2)
  6 orc priests
  2 centaur skeletons
  2 iguanas
  4 worker ants
  2 hound skeletons
  A howler monkey zombie (D:8)
  A gnoll (D:8)
  9 adders
  A shadow imp (D:11)
  3 oozes
  2 worms
  8 dart slugs
  8 leopard geckos
  45 orcs
  3 ball pythons
  9 bats
  7 giant cockroaches
  7 goblins
  11 hobgoblins
  2 jackals (D:3)
  2 quokkas (D:5)
  5 frilled lizards
  5 kobolds
  A leopard gecko zombie (D:8)
  6 rats (D:1)
254 creatures vanquished.

Notes
Turn   | Place    | Note
-------+----------+-------------------------------------------
     0 | D:1      | shmeve the Minotaur Berserker began the quest for the Orb.
     0 | D:1      | Reached XP level 1. HP: 19/19 MP: 0/0
   245 | D:1      | Reached XP level 2. HP: 25/27 MP: 1/1
   446 | D:1      | Reached ** piety under Trog
   513 | D:1      | Reached XP level 3. HP: 26/33 MP: 2/2
   946 | D:2      | Reached XP level 4. HP: 41/41 MP: 3/3
  1447 | D:2      | Noticed Terence
  1450 | D:2      | Killed Terence
  1450 | D:2      | Reached skill level 5 in Fighting
  1523 | D:3      | Found a sacrificial altar of Ru.
  1825 | D:3      | Reached XP level 5. HP: 48/48 MP: 4/4
  1906 | D:3      | Found a snail-covered altar of Cheibriados.
  1908 | D:3      | Found a glowing golden altar of the Shining One.
  1909 | D:3      | Noticed xraymikek's ghost (amateur FoFi)
  1913 | D:3      | Found a blossoming altar of Fedhas.
  1927 | D:3      | Killed xraymikek's ghost
  1927 | D:3      | Reached skill level 5 in Axes
  1927 | D:3      | Reached XP level 6. HP: 38/56 MP: 5/5
  2529 | D:4      | Found a shattered altar of Ashenzari.
  2587 | D:4      | Reached *** piety under Trog
  3111 | D:5      | Entered Level 5 of the Dungeon
  3150 | D:5      | Noticed a sky beast
  3160 | D:5      | Reached XP level 7. HP: 52/64 MP: 6/6
  3524 | D:5      | Noticed Menkaure
  3533 | D:5      | Killed Menkaure
  3537 | D:5      | Reached skill level 5 in Armour
  3759 | D:5      | Noticed Grinder
  3771 | D:5      | Reached XP level 8. HP: 73/73 MP: 7/7
  3785 | D:5      | Killed Grinder
  4064 | D:5      | Reached skill level 5 in Dodging
  4199 | D:5      | Reached **** piety under Trog
  4549 | D:5      | Found a deep blue altar of Sif Muna.
  4972 | D:6      | Reached XP level 9. HP: 74/83 MP: 8/8
  5031 | D:6      | Found a deep blue altar of Sif Muna.
  5034 | D:6      | Found a bloodstained altar of Trog.
  5034 | D:6      | Found a shimmering altar of Xom.
  5036 | D:6      | Found a shadowy altar of Dithmenos.
  5036 | D:6      | Found a shimmering altar of Xom.
  5036 | D:6      | Found a glowing golden altar of the Shining One.
  5120 | D:6      | Found an ancient bone altar of Kikubaaqudgha.
  5491 | D:7      | Found a staircase to the Ecumenical Temple.
  5513 | D:7      | Reached ***** piety under Trog
  5776 | D:7      | Found a bloodstained altar of Trog.
  5803 | D:7      | Noticed Prince Ribbit
  5815 | D:7      | Killed Prince Ribbit
  5817 | D:7      | Reached skill level 10 in Fighting
  5875 | D:7      | Reached skill level 10 in Axes
  6046 | D:8      | Found Hekareza's General Store.
  6047 | D:8      | Found a deep blue altar of Sif Muna.
  6065 | D:8      | You fall through a shaft for 3 floors!
  6077 | D:11     | Reached XP level 10. HP: 94/94 MP: 9/9
  6120 | D:10     | Entered Level 10 of the Dungeon
  6669 | D:10     | Found a staircase to the Lair.
  6737 | D:9      | Found a burning altar of Makhleb.
  6812 | D:8      | Received a gift from Trog
  6855 | D:8      | Found a shadowy altar of Dithmenos.
  7035 | D:8      | Noticed dialectric's ghost (novice TrCK)
  7048 | D:8      | Killed dialectric's ghost
  7084 | D:8      | Found a white marble altar of Elyvilon.
  7224 | D:8      | Noticed a two-headed ogre
  7231 | D:8      | Killed a two-headed ogre
  7489 | D:9      | Found an iron altar of Okawaru.
  7759 | D:9      | Reached XP level 11. HP: 94/104 MP: 3/10
  8687 | D:10     | Found a portal to a secret trove of treasure.
  9154 | D:11     | Noticed a two-headed ogre
  9158 | D:11     | Killed a two-headed ogre
  9158 | D:11     | Received a gift from Trog
  9219 | D:11     | Slain by a cyclops

Skill      XL: |  1  2  3  4  5  6  7  8  9 10 11 |
---------------+----------------------------------+-----
Axes           | 4 5 6 7 8 10 12 | 12.5
Fighting       | 4 5 6 7 9 10 12 | 12.7
Dodging        | 3 4 5 6 7 8 |  8.1
Armour         | 3 4 5 7 8 |  8.9

Action                   |  1- 3 |  4- 6 |  7- 9 | 10-12 || total
-------------------------+-------+-------+-------+-------++-------
Melee: Hand axe          |    70 |   141 |   276 |    73 ||   560
       Headbutt          |    12 |    20 |    48 |    48 ||   128
       Battleaxe         |       |       |       |   124 ||   124
       Executioner's axe |       |       |       |     7 ||     7
Invok: Berserk           |       |     1 |     3 |     3 ||     7
       Trog's Hand       |       |       |     1 |       ||     1
 Stab: Invisible         |       |       |       |     2 ||     2
  Eat: Chunk             |       |     8 |    12 |    11 ||    31
       Royal jelly       |       |       |     1 |       ||     1
       Fruit             |       |       |       |     2 ||     2
Armor: Animal skin       |     9 |       |       |       ||     9
       Ring mail         |    15 |    10 |       |       ||    25
       Scale mail        |       |    38 |    54 |       ||    92
       Chain mail        |       |       |    30 |       ||    30
       Plate armour      |       |       |    13 |    84 ||    97
Dodge: Dodged            |    50 |   108 |   196 |   147 ||   501
